[Event "Titled Tuesday Blitz January 18 2022"]
[White "Macovei, Andrei"]
[Black "Dolzhykova, Kateryna"]
[WhiteFideId "13904680"]
[BlackFideId "14113414"]
[WhiteElo "2410"]
[BlackElo "2165"]
[Result "0-1"]
[Round "08"]
[TimeControl "180+1"]
[Date "2022.01.18"]
[WhiteClock "0:00:02"]
[BlackClock "0:00:02"]

1. e4 c5 2. Nf3 Nc6 3. Bb5 g6 4. c3 Bg7 5. d4 cxd4 6. cxd4 e5 7. dxe5 Nxe5 8. Nxe5 Bxe5 9. O-O Ne7 10. Bh6 Qb6 11. Bc4 Qxb2 12. Qf3 Qxa1 13. Qxf7+ Kd8 14. Nd2 Qd4 15. Nf3 Qc5 16. Nxe5 Qxe5 17. Bg7 Qxe4 18. Bxh8 d5 19. Bb3 Qf5 20. Bf6 Qe6 21. Qf8+ Kd7 22. Qg7 b6 23. Rd1 Bb7 24. Ba4+ Kd6 25. Bb2 Rc8 26. Ba3+ Rc5 27. Bxc5+ bxc5 28. Qb2 Kc7 29. Rc1 c4 30. Qd4 Qb6 31. Qf4+ Qd6 32. Qf7 Bc6 33. Re1 Bxa4 34. Rxe7+ Kb6 35. Rxa7 Bc6 36. Re7 Qb4 37. h4 c3 38. Re2 Qb1+ 39. Kh2 Qd3 40. Re3 Qd2 41. Qf4 d4 42. Qb8+ Kc5 43. Re5+ Kc4 44. Kg3 c2 45. Qb6 c1=Q 46. Rc5+ Kd3 47. Rxc1 Qxc1 48. Qa6+ Qc4 49. Qa3+ Qc3 50. Qd6 Kd2+ 51. f3 Bb5 52. Qe7 Be2 53. Qxh7 d3 54. Qxg6 Qc7+ 55. Kh3 Ke1 56. Qa6 d2 57. Qa3 d1=Q 58. h5 Qdd7+ 59. g4 Qd3 0-1


[Site "https://www.chess.com"]

[Event "Titled Tuesday Blitz January 18 2022"]
[White "Maksimovic, Bojan"]
[Black "Tabatabaei, M. Amin"]
[WhiteFideId "14408120"]
[BlackFideId "12521213"]
[WhiteElo "2450"]
[BlackElo "2585"]
[Result "0-1"]
[Round "08"]
[TimeControl "180+1"]
[Date "2022.01.18"]
[WhiteClock "0:00:03"]
[BlackClock "0:00:11"]

1. d4 e6 2. e4 d5 3. Nc3 Nf6 4. Bg5 dxe4 5. Nxe4 Nbd7 6. Nf3 h6 7. Nxf6+ Nxf6 8. Bh4 c5 9. c3 cxd4 10. Nxd4 Be7 11. Bd3 O-O 12. O-O Qb6 13. Qe2 Rd8 14. Rad1 Bd7 15. Rfe1 Re8 16. Nf3 Rad8 17. Ne5 Bc8 18. Bb1 Rxd1 19. Rxd1 Rd8 20. Re1 a5 21. h3 a4 22. Qc2 a3 23. b3 Qd6 24. Ng4 Kf8 25. Nxf6 Bxf6 26. Bxf6 gxf6 27. Qh7 Qd2 28. Rf1 Ke7 29. c4 Bd7 30. Qg7 Bc6 31. Qg3 Qg5 32. Qh2 f5 33. h4 Qg4 34. f3 Qd4+ 35. Kh1 Qd6 36. Qg1 Qd4 37. Qh2 f4 38. h5 Rg8 39. Qh4+ Qf6 40. Qxf6+ Kxf6 41. Rd1 Rg5 42. b4 Ba4 43. Rd6 Re5 44. Kh2 Re1 45. Be4 Re2 46. Bxb7 Rxa2 47. Ra6 Bb3 48. c5 Bc4 49. Ra5 Ke7 50. b5 Ra1 51. b6 a2 52. c6 Bd5 53. Rxd5 exd5 54. c7 Rc1 55. Bc6 a1=Q 0-1


[Site "https://www.chess.com"]

[Event "Titled Tuesday Blitz January 18 2022"]
[White "Maltsevskaya, Aleksandra"]
[Black "Iljin, Timofey"]
[WhiteFideId "24174041"]
[BlackFideId "14110180"]
[WhiteElo "2283"]
[BlackElo "2396"]
[Result "1-0"]
[Round "08"]
[TimeControl "180+1"]
[Date "2022.01.18"]
[WhiteClock "0:00:34"]
[BlackClock "0:00:03"]

1. e4 e5 2. Nf3 Nc6 3. Bb5 a6 4. Ba4 Nf6 5. O-O b5 6. Bb3 Bc5 7. Nc3 d6 8. h3 O-O 9. d3 h6 10. Bd2 Bb7 11. a4 b4 12. Nd5 Nxd5 13. Bxd5 a5 14. c3 bxc3 15. bxc3 Rb8 16. Rb1 Bb6 17. Qe2 Qd7 18. Be3 Bxe3 19. Qxe3 Kh8 20. Rb3 Ba8 21. Rxb8 Rxb8 22. Nh4 Nd8 23. Qa7 Qc8 24. Qxa5 c6 25. Bc4 Qd7 26. d4 d5 27. exd5 cxd5 28. Bb5 Qe7 29. Nf5 Qf6 30. Qa7 Rc8 31. Ne7 Rxc3 32. dxe5 Qxe5 33. Qd7 Ne6 34. Qe8+ Kh7 35. Qg8# 1-0


[Site "https://www.chess.com"]

[Event "Titled Tuesday Blitz January 18 2022"]
[White "Milchev, Nikolay"]
[Black "Bryakin, Mikhail"]
[WhiteFideId "2906090"]
[BlackFideId "4165314"]
[WhiteElo "2449"]
[BlackElo "2421"]
[Result "1-0"]
[Round "08"]
[TimeControl "180+1"]
[Date "2022.01.18"]
[WhiteClock "0:00:16"]
[BlackClock "0:00:17"]

1. Nf3 Nf6 2. c4 g6 3. Nc3 Bg7 4. e4 d6 5. d4 O-O 6. h3 c5 7. d5 Na6 8. Bd3 e6 9. O-O Nb4 10. Bb1 exd5 11. exd5 Re8 12. a3 Na6 13. Bf4 Nc7 14. a4 Nh5 15. Bh2 Bh6 16. Ne4 Bf4 17. Bxf4 Nxf4 18. Qd2 Nh5 19. Qh6 f6 20. Re1 f5 21. Nfg5 Qd7 22. Bc2 fxe4 23. Nxe4 Qg7 24. Qxg7+ Kxg7 25. Nxd6 Rxe1+ 26. Rxe1 Kf8 27. Ne4 Bf5 28. g4 Bxe4 29. Bxe4 Nf6 30. d6 Nce8 31. Bxb7 Rd8 32. Re5 Nxd6 33. Bd5 Re8 34. f4 a5 35. b3 Nd7 36. Rxe8+ Nxe8 37. Kf2 Nef6 38. Bf3 h6 39. h4 h5 40. g5 Ne8 41. Be4 Kg7 42. Bc6 Nef6 43. gxf6+ Nxf6 44. Kf3 Kf7 45. Bd5+ Ke7 46. Be4 Kf7 47. f5 gxf5 48. Bxf5 Ne8 49. Ke4 Kf6 50. Bd7 Nc7 51. Bc8 Ke7 52. Ke5 Ne8 53. Kd5 Nd6 54. Bh3 Nf7 55. Kxc5 Ne5 56. Kb5 Kd6 57. Kxa5 Kc5 58. b4+ Kxc4 59. Bf1+ Kd5 60. Kb6 Kd6 61. a5 Nc6 62. b5 Nb4 63. a6 Nd5+ 64. Kb7 Kc5 65. a7 Nb6 66. Be2 1-0


[Site "https://www.chess.com"]

[Event "Titled Tuesday Blitz January 18 2022"]
[White "Mokshanov, Alexey"]
[Black "Sadykov, Ramil"]
[WhiteFideId "24121657"]
[BlackFideId "24113590"]
[WhiteElo "2141"]
[BlackElo "2300"]
[Result "1-0"]
[Round "08"]
[TimeControl "180+1"]
[Date "2022.01.18"]
[WhiteClock "0:00:46"]
[BlackClock "0:00:02"]

1. e4 c5 2. Nf3 e6 3. c3 Nf6 4. e5 Nd5 5. Bc4 Nb6 6. Bb3 d6 7. exd6 Bxd6 8. O-O O-O 9. d4 cxd4 10. Qxd4 Nc6 11. Qe4 Qc7 12. Ng5 g6 13. Qh4 h5 14. g4 Ne5 15. gxh5 f6 16. Nxe6 Bxe6 17. Bxe6+ Kg7 18. h6+ Kh8 19. Nd2 Rae8 20. Bh3 g5 21. Qh5 Qh7 22. Bg2 Nd3 23. Nb3 Nc4 24. Nd4 a6 25. b3 Nce5 26. f4 gxf4 27. Bxf4 Nxf4 28. Rxf4 Rg8 29. Kh1 Ref8 30. Be4 Qd7 31. Qf5 Qf7 32. Raf1 Qe7 33. Qe6 Qd8 34. Rxf6 Re8 35. Qf5 Ng4 36. Qh7# 1-0


[Site "https://www.chess.com"]

[Event "Titled Tuesday Blitz January 18 2022"]
[White "Moskalenko, Alexander"]
[Black "Erdogdu, Mert"]
[WhiteFideId "4155351"]
[BlackFideId "6301495"]
[WhiteElo "2515"]
[BlackElo "2485"]
[Result "1-0"]
[Round "08"]
[TimeControl "180+1"]
[Date "2022.01.18"]
[WhiteClock "0:01:57"]
[BlackClock "0:00:51"]

1. e4 c5 2. Nf3 d6 3. d4 cxd4 4. Nxd4 Nf6 5. Nc3 a6 6. Bc4 e6 7. Bb3 b5 8. Bg5 Nbd7 9. O-O Nc5 10. f4 Qb6 11. Kh1 Bb7 12. f5 e5 13. Bxf6 gxf6 14. Nd5 Qd8 15. Ne6 fxe6 16. fxe6 h5 17. Nxf6+ Ke7 18. Nd5+ Ke8 19. Qf3 1-0


[Site "https://www.chess.com"]

[Event "Titled Tuesday Blitz January 18 2022"]
[White "Nakamura, Hikaru"]
[Black "Sarana, Alexey"]
[WhiteFideId "2016192"]
[BlackFideId "24133795"]
[WhiteElo "2850"]
[BlackElo "2665"]
[Result "1-0"]
[Round "08"]
[TimeControl "180+1"]
[Date "2022.01.18"]
[WhiteClock "0:00:52"]
[BlackClock "0:00:07"]

1. e4 c5 2. Nf3 d6 3. c3 Nf6 4. h3 g6 5. Bd3 Bg7 6. Bc2 O-O 7. d4 cxd4 8. cxd4 Nc6 9. O-O e5 10. d5 Nb4 11. Bb3 Nxe4 12. Qe1 Nxf2 13. Qxb4 Nd3 14. Qd2 e4 15. Ne1 Nxc1 16. Qxc1 Qh4 17. Qd2 e3 18. Qe2 Bf5 19. Nc3 Rae8 20. Nb5 Qg3 21. Rf3 Qe5 22. Rxf5 gxf5 23. Nd3 Qf6 24. Rf1 a6 25. Nc3 Qg6 26. Bc2 Re7 27. Ne1 b5 28. Rxf5 Qh6 29. Rh5 Qf6 30. Bxh7+ Kh8 31. Bd3+ Bh6 32. Ne4 Qg7 33. Nxd6 Re5 34. Nf5 1-0


[Site "https://www.chess.com"]

[Event "Titled Tuesday Blitz January 18 2022"]
[White "Narayanan.S.L"]
[Black "Kadam, Om Manish"]
[WhiteFideId "5058422"]
[BlackFideId "45076294"]
[WhiteElo "2494"]
[BlackElo "1729"]
[Result "1-0"]
[Round "08"]
[TimeControl "180+1"]
[Date "2022.01.18"]
[WhiteClock "0:00:06"]
[BlackClock "0:00:05"]

1. c4 Nf6 2. Nc3 g6 3. g3 Bg7 4. Bg2 O-O 5. Nf3 d6 6. d4 Nbd7 7. O-O e5 8. e4 Re8 9. Re1 exd4 10. Nxd4 Nc5 11. h3 a5 12. b3 Bd7 13. Bf4 Nh5 14. Be3 c6 15. Qd2 Qe7 16. Rad1 Rad8 17. Bg5 Nf6 18. f4 h6 19. Bh4 Bc8 20. Qf2 Qc7 21. e5 dxe5 22. fxe5 Rxe5 23. Bxf6 Rxe1+ 24. Rxe1 Nd3 25. Bxg7 Nxf2 26. Be5 Qb6 27. Bf6 Nd3 28. Re3 Nb4 29. Na4 Qc7 30. a3 Na6 31. Kh2 Kf8 32. Be5 Qd7 33. Nb6 Qe8 34. Nxc8 Kg8 35. Bf4 Qd7 36. Ne7+ Kh7 37. Ndxc6 bxc6 38. Nxc6 Re8 39. Ne5 Qd4 40. Rd3 Qc5 41. Rd5 Qxa3 42. Rd7 Re7 43. Rd8 Qxb3 44. Ng4 Qb2 45. Rd2 Qc3 46. Ra2 Nc5 47. Bd6 Qxc4 48. Bxe7 Qxa2 49. Bxc5 a4 50. Bd4 f5 51. Nf6+ Kg7 52. Nd5+ Kf7 53. Nc3 Qc2 54. Nb5 Qd3 55. Bc6 a3 56. Bd5+ Ke7 57. Bc5+ Kd8 58. Bc6 Kc8 59. Nxa3 Qc2+ 60. Nxc2 Kc7 61. Nd4 Kd8 62. Bg2 f4 63. Nc6+ Kc7 64. gxf4 h5 65. Ne5 h4 1-0


[Site "https://www.chess.com"]

[Event "Titled Tuesday Blitz January 18 2022"]
[White "Obolenskikh, Dmitry"]
[Black "Evdokimov, Alexander A."]
[WhiteFideId "4156013"]
[BlackFideId "4139275"]
[WhiteElo "2512"]
[BlackElo "2444"]
[Result "0-1"]
[Round "08"]
[TimeControl "180+1"]
[Date "2022.01.18"]
[WhiteClock "0:00:21"]
[BlackClock "0:00:14"]

1. e4 d6 2. d4 Nf6 3. Nc3 g6 4. f4 Bg7 5. Nf3 c5 6. Bb5+ Bd7 7. Bxd7+ Nfxd7 8. d5 O-O 9. O-O Na6 10. Kh1 Rb8 11. a4 Nc7 12. f5 a6 13. Qe1 b5 14. Qh4 bxa4 15. Ng5 Nf6 16. Rxa4 Rb4 17. fxg6 fxg6 18. b3 h6 19. Nf3 g5 20. Qe1 Qd7 21. Rxb4 cxb4 22. Na4 a5 23. Nb6 Qg4 24. e5 Nfxd5 25. Nxd5 Nxd5 26. exd6 exd6 27. h3 Qd7 28. Qe4 Nc3 29. Qg6 d5 30. Re1 Rxf3 31. gxf3 Qxh3+ 32. Kg1 Qg3+ 33. Kf1 Qxf3+ 34. Kg1 Qg3+ 35. Kf1 Qf3+ 36. Kg1 Ne2+ 37. Rxe2 Qxe2 38. Bb2 Qe1+ 39. Kh2 Qh4+ 40. Kg1 Qg4+ 41. Kh2 Qf4+ 42. Kg1 Qg3+ 43. Kf1 Qf3+ 44. Kg1 Qf7 45. Qxf7+ Kxf7 46. Bc1 Bd4+ 47. Kg2 Kg6 48. Bd2 Kf5 49. Kf1 h5 50. Kg2 h4 51. Be1 Kg4 52. Kh1 h3 53. Bd2 Be5 54. Be3 Bc7 55. Bc5 Kf3 56. Kg1 g4 0-1


[Site "https://www.chess.com"]

[Event "Titled Tuesday Blitz January 18 2022"]
[White "Omelja, Artem"]
[Black "Gheorghiu, Calin"]
[WhiteFideId "14119846"]
[BlackFideId "1200305"]
[WhiteElo "2418"]
[BlackElo "2168"]
[Result "1-0"]
[Round "08"]
[TimeControl "180+1"]
[Date "2022.01.18"]
[WhiteClock "0:00:14"]
[BlackClock "0:01:11"]

1. d4 Nf6 2. c4 e6 3. Nf3 d5 4. Nc3 Nbd7 5. cxd5 exd5 6. Bg5 Be7 7. e3 c6 8. Bd3 h6 9. Bf4 Nh5 10. Be5 O-O 11. h3 g6 12. Bh2 Ng7 13. O-O b6 14. Qc2 Bb7 15. Bf4 Kh7 16. Rad1 c5 17. Rfe1 Rc8 18. dxc5 bxc5 19. e4 d4 20. Nd5 Ne6 21. Bg3 Nb6 22. Nxe7 Qxe7 23. Ne5 Rfd8 24. Nc4 Nd7 25. b3 Ng5 26. f4 Ne6 27. e5 Nb6 28. Nd6 Rxd6 29. exd6 Qxd6 30. Kh2 Nd5 31. f5 Nef4 32. fxg6+ fxg6 33. Be4 Rf8 34. Rd2 Qf6 35. Bxd5 Bxd5 36. Qxc5 Bxg2 37. Qe7+ Qxe7 38. Rxe7+ Kh8 39. Bxf4 1-0


[Site "https://www.chess.com"]

[Event "Titled Tuesday Blitz January 18 2022"]
[White "Osmak, Yuliia"]
[Black "Vazquez, Facundo"]
[WhiteFideId "14101602"]
[BlackFideId "3007669"]
[WhiteElo "2302"]
[BlackElo "1984"]
[Result "1-0"]
[Round "08"]
[TimeControl "180+1"]
[Date "2022.01.18"]
[WhiteClock "0:00:18"]
[BlackClock "0:00:45"]

1. e4 c5 2. c3 Nf6 3. e5 Nd5 4. Nf3 e6 5. Bc4 Nb6 6. Bb3 c4 7. Bc2 d5 8. exd6 Bxd6 9. O-O Nc6 10. d3 cxd3 11. Qxd3 Be7 12. Qe4 Qd5 13. Rd1 Qxe4 14. Bxe4 O-O 15. a4 Rd8 16. Rxd8+ Nxd8 17. a5 Nc4 18. Nbd2 Nd6 19. Bc2 Bd7 20. Ne4 Bc6 21. Nxd6 Bxd6 22. Nd4 Bd5 23. Be3 a6 24. b3 Nc6 25. c4 Nxd4 26. Bxd4 Bc6 27. Bb6 Kf8 28. Rd1 Ke7 29. g3 g6 30. f4 h5 31. c5 Bb8 32. Rd8 e5 33. fxe5 Ke6 34. b4 Kxe5 35. Rxb8 Rxb8 36. Bc7+ Kd4 37. Bxb8 Kc4 38. Bc7 Kxb4 39. Bb6 1-0


[Site "https://www.chess.com"]

[Event "Titled Tuesday Blitz January 18 2022"]
[White "Pajeken, Jakob Leon"]
[Black "Tanenbaum, Zachary"]
[WhiteFideId "12942839"]
[BlackFideId "2060850"]
[WhiteElo "2351"]
[BlackElo "2168"]
[Result "0-1"]
[Round "08"]
[TimeControl "180+1"]
[Date "2022.01.18"]
[WhiteClock "0:01:15"]
[BlackClock "0:01:50"]

1. d4 d5 2. Nf3 Nf6 3. Bf4 c5 4. e3 Nc6 5. Nbd2 cxd4 6. exd4 Qb6 7. Rb1 Nxd4 8. Nxd4 Qxd4 9. Bb5+ Bd7 10. Qe2 Qxf4 11. Bxd7+ Nxd7 12. c4 dxc4 13. Nxc4 e6 14. O-O Be7 15. Rfd1 Nf6 16. g3 Qe4 17. Qf1 O-O 18. Rbc1 Rac8 19. b3 Rfd8 20. Rxd8+ Rxd8 21. Na5 h6 22. Qb5 Rd5 23. Qxb7 Rxa5 24. Qxe7 Rxa2 25. h3 Qf3 26. Qc5 Ne4 27. Qc7 Qxf2+ 0-1


[Site "https://www.chess.com"]

[Event "Titled Tuesday Blitz January 18 2022"]
[White "Pert, Richard G"]
[Black "Carbone, Diego"]
[WhiteFideId "404748"]
[BlackFideId "3002179"]
[WhiteElo "2441"]
[BlackElo "2199"]
[Result "0-1"]
[Round "08"]
[TimeControl "180+1"]
[Date "2022.01.18"]
[WhiteClock "0:00:46"]
[BlackClock "0:00:02"]

1. d4 Nf6 2. Bg5 d5 3. e3 c5 4. Bxf6 exf6 5. Nc3 Be6 6. Nge2 Nc6 7. g3 cxd4 8. exd4 Bd6 9. Bg2 Ne7 10. O-O O-O 11. Nb5 Bb8 12. c4 Qd7 13. cxd5 Nxd5 14. Nbc3 Rd8 15. Qd2 Bc7 16. Nxd5 Bxd5 17. Bxd5 Qxd5 18. Rfd1 Bb6 19. Nc3 Qxd4 20. Qxd4 Rxd4 21. Kf1 Rad8 22. Rxd4 Rxd4 23. Ke2 f5 24. Rc1 g6 25. b3 Kg7 26. Na4 Bd8 27. Rc8 b6 28. Rb8 Rd7 29. Nc3 Bg5 30. f4 Bf6 31. Nb5 a6 32. Na3 b5 33. Rb6 Bb2 34. Rxa6 Bc3 35. Nxb5 Bb4 36. a3 Bc5 37. Rc6 Bg1 38. Kf3 Rd3+ 39. Kg2 Rxb3 40. Nd6 Bd4 41. Rc7 Rb2+ 42. Kf3 Rf2# 0-1


[Site "https://www.chess.com"]

[Event "Titled Tuesday Blitz January 18 2022"]
[White "Petrovskyi, Vadym"]
[Black "Pranav, V"]
[WhiteFideId "14165210"]
[BlackFideId "25060783"]
[WhiteElo "2424"]
[BlackElo "2349"]
[Result "1/2-1/2"]
[Round "08"]
[TimeControl "180+1"]
[Date "2022.01.18"]
[WhiteClock "0:00:18"]
[BlackClock "0:00:10"]

1. e4 e5 2. Nf3 Nf6 3. Nxe5 Nc6 4. Nxc6 dxc6 5. f3 Nh5 6. g3 Bd6 7. d4 O-O 8. Be3 f5 9. e5 Be7 10. f4 g6 11. Bc4+ Kh8 12. Nc3 Ng7 13. Qf3 Bb4 14. O-O Be6 15. Bxe6 Nxe6 16. Rad1 Bxc3 17. bxc3 Qd5 18. Qxd5 cxd5 19. c4 c6 20. cxd5 cxd5 21. c4 Rfd8 22. Kf2 Rac8 23. c5 b6 24. cxb6 axb6 25. Rc1 Kg7 26. Ke2 Kf7 27. Kd3 Ra8 28. Rc2 Ke7 29. Rb1 Rdb8 30. Rb3 Kd7 31. Bd2 Ra4 32. Bb4 Rc8 33. Rxc8 Kxc8 34. a3 Kd7 35. Ke3 Kc6 36. Rc3+ Kd7 37. h3 Ra8 38. Rc1 h5 39. Rg1 Rh8 40. Rc1 Ra8 41. Rc2 Rh8 42. Rc3 Ra8 43. Bd6 Ra4 44. Bb4 Ra8 45. Rc1 Rb8 46. Bd6 Ra8 47. Rb1 Kc6 48. Rc1+ Kd7 49. Rc3 Rh8 50. Rb3 Kc6 51. Rc3+ Kd7 52. Rc1 Ra8 1/2-1/2


[Site "https://www.chess.com"]

[Event "Titled Tuesday Blitz January 18 2022"]
[White "Pichot, Alan"]
[Black "De Silva, L M S T"]
[WhiteFideId "110973"]
[BlackFideId "9953698"]
[WhiteElo "2543"]
[BlackElo "1631"]
[Result "1-0"]
[Round "08"]
[TimeControl "180+1"]
[Date "2022.01.18"]
[WhiteClock "0:00:10"]
[BlackClock "0:00:04"]

1. e4 e5 2. Nf3 Nc6 3. Bc4 Nf6 4. Ng5 d5 5. exd5 Na5 6. Bb5+ c6 7. dxc6 bxc6 8. Bd3 Ng4 9. Nf3 Bc5 10. O-O f5 11. b4 Bxb4 12. h3 e4 13. hxg4 exd3 14. Re1+ Kf8 15. g5 Bb7 16. Bb2 Nc4 17. cxd3 Nxb2 18. Qb3 Nxd3 19. Re3 Ba6 20. Ne5 Nxe5 21. Qxb4+ Qe7 22. Qa5 Re8 23. f4 Nc4 24. Qxf5+ Qf7 25. Qc5+ Kg8 26. Rxe8+ Qxe8 27. Nc3 Qd8 28. Rb1 Qxd2 29. Qxc6 Qd4+ 30. Kh1 Qxf4 31. Qe6+ Qf7 32. Rb8+ 1-0


[Site "https://www.chess.com"]

[Event "Titled Tuesday Blitz January 18 2022"]
[White "Piorun, Kacper"]
[Black "Timofeev, Artyom"]
[WhiteFideId "1130420"]
[BlackFideId "4140419"]
[WhiteElo "2571"]
[BlackElo "2583"]
[Result "0-1"]
[Round "08"]
[TimeControl "180+1"]
[Date "2022.01.18"]
[WhiteClock "0:00:07"]
[BlackClock "0:00:10"]

1. d4 d5 2. c4 e6 3. Nf3 c6 4. e3 Nf6 5. b3 Bd6 6. Bb2 O-O 7. Bd3 b6 8. O-O Bb7 9. Nc3 Nbd7 10. a4 c5 11. a5 bxa5 12. Nb5 Qe7 13. Rxa5 dxc4 14. bxc4 Bb8 15. Ba3 Rc8 16. Nc3 Qd8 17. Rb5 Bc6 18. Rb1 cxd4 19. exd4 Qc7 20. g3 Qa5 21. Nb5 Bxb5 22. Bb4 Qd8 23. cxb5 Nd5 24. Bd2 h6 25. Qe2 Bd6 26. Rfc1 Qb6 27. Ra1 N7f6 28. Rxc8+ Rxc8 29. Ra6 Qb8 30. Ne5 Bxe5 31. Qxe5 Qb7 32. Qd6 Nb6 33. Qa3 Rc7 34. Bf4 Rd7 35. Bf1 Nfd5 36. Bd2 Qc7 37. Qc5 Qd8 38. Qa3 Qc7 39. Qc5 Qd8 40. Be1 Rc7 41. Qa3 Qd7 42. Qb2 Nc4 43. Qa2 Nd6 44. Ba5 Rc1 45. Bd2 Rxf1+ 46. Kxf1 Qxb5+ 47. Kg1 Ne4 48. Rxa7 Qe2 49. Ra8+ Kh7 50. Be3 Qe1+ 51. Kg2 Nxe3+ 52. fxe3 Qxe3 53. Ra3 Qxd4 54. Qc2 f5 55. Rf3 Qd5 56. Qd3 Qc6 57. Kg1 Ng5 58. Re3 Nh3+ 59. Kf1 Qh1+ 60. Ke2 Qxh2+ 61. Ke1 Qg1+ 62. Kd2 Ng5 63. Kc2 Qf2+ 64. Qe2 Qxe2+ 65. Rxe2 h5 66. Kd3 Kg6 67. Ke3 Kf6 68. Kf4 Ne4 69. Kf3 e5 70. Ra2 Ng5+ 71. Ke3 Ne6 72. Ra6 g5 73. Ra5 g4 74. Rb5 f4+ 75. gxf4 exf4+ 76. Ke4 Ng7 77. Rb6+ Kg5 78. Rb5+ Kh4 79. Kxf4 Ne6+ 80. Ke3 Ng5 81. Kf2 Nh3+ 82. Kg2 Nf4+ 83. Kg1 g3 84. Rb3 Kg4 85. Rb8 h4 86. Kh1 Kf3 87. Rb3+ Kf2 88. Rb2+ Ne2 89. Rb1 g2+ 90. Kh2 g1=Q+ 91. Rxg1 Nxg1 92. Kh1 Nh3 93. Kh2 Nf4 94. Kh1 Kg3 95. Kg1 h3 96. Kh1 Nh5 97. Kg1 Nf6 98. Kh1 Ng4 99. Kg1 h2+ 0-1


[Site "https://www.chess.com"]

[Event "Titled Tuesday Blitz January 18 2022"]
[White "Prraneeth Vuppala"]
[Black "Buscar, Michael"]
[WhiteFideId "46622373"]
[BlackFideId "2603616"]
[WhiteElo "1759"]
[BlackElo "2010"]
[Result "1-0"]
[Round "08"]
[TimeControl "180+1"]
[Date "2022.01.18"]
[WhiteClock "0:00:10"]
[BlackClock "0:00:03"]

1. e4 c5 2. Nf3 Nc6 3. d4 cxd4 4. Nxd4 Nf6 5. Nc3 e5 6. Ndb5 h6 7. Nd6+ Bxd6 8. Qxd6 Qe7 9. Qxe7+ Kxe7 10. Be3 Rd8 11. f3 d5 12. exd5 Nxd5 13. Nxd5+ Rxd5 14. Bc4 Rd8 15. c3 Be6 16. Bxe6 Kxe6 17. Ke2 Rd7 18. g4 f6 19. h4 Ne7 20. h5 Nd5 21. Rad1 Nxe3 22. Rxd7 Kxd7 23. Kxe3 Rc8 24. Rd1+ Ke7 25. Rd3 Rc6 26. b3 Ra6 27. a4 Rb6 28. c4 a5 29. Ke4 Rc6 30. Rd5 Rb6 31. Rxa5 Rxb3 32. Rb5 Rc3 33. Rxb7+ Kd6 34. Rxg7 Rxc4+ 35. Ke3 Rxa4 36. Rh7 Ra3+ 37. Kf2 Ke6 38. Rxh6 Ra4 39. g5 Kf5 40. g6 Ra7 41. Rh7 Ra8 42. g7 Kf4 43. Rh8 Ra2+ 44. Ke1 Ke3 45. Kd1 Kd3 46. Rd8+ Ke3 47. g8=Q Ra1+ 48. Kc2 Ra2+ 49. Qxa2 1-0


[Site "https://www.chess.com"]

[Event "Titled Tuesday Blitz January 18 2022"]
[White "Przybylski, Wojciech"]
[Black "Srihari L R"]
[WhiteFideId "1117599"]
[BlackFideId "46617116"]
[WhiteElo "2133"]
[BlackElo "2121"]
[Result "0-1"]
[Round "08"]
[TimeControl "180+1"]
[Date "2022.01.18"]
[WhiteClock "0:00:02"]
[BlackClock "0:00:48"]

1. e4 c5 2. Nf3 e6 3. b3 Nf6 4. e5 Nd5 5. Bb2 Nc6 6. Nc3 Nxc3 7. dxc3 d6 8. exd6 Bxd6 9. Qd2 Qc7 10. g3 O-O 11. O-O-O Rd8 12. Bg2 Be7 13. Qe3 Bd7 14. c4 Be8 15. Ng5 Nd4 16. Ne4 Bc6 17. Rhe1 f5 18. Nxc5 Bxc5 19. Bxc6 Nxb3+ 20. Qxb3 Qxc6 21. Qc3 Bf8 22. f4 Rxd1+ 23. Rxd1 Rc8 24. Rd4 b5 25. c5 Qxc5 26. Qxc5 Rxc5 27. Rd7 a5 28. Be5 Rd5 29. Ra7 Ba3+ 30. Bb2 Bc5 31. c4 Be3+ 32. Kc2 Rd2+ 33. Kb1 Bxa7 0-1


[Site "https://www.chess.com"]

[Event "Titled Tuesday Blitz January 18 2022"]
[White "Punin, Andrii"]
[Black "Kanyamarala, Tarun"]
[WhiteFideId "14112639"]
[BlackFideId "45004714"]
[WhiteElo "2357"]
[BlackElo "2144"]
[Result "0-1"]
[Round "08"]
[TimeControl "180+1"]
[Date "2022.01.18"]
[WhiteClock "0:00:06"]
[BlackClock "0:00:17"]

1. e4 c5 2. Be2 Nc6 3. f4 g6 4. Nf3 Bg7 5. c3 Nf6 6. d3 O-O 7. O-O d6 8. Kh1 Rb8 9. Be3 b5 10. a3 a5 11. Nbd2 b4 12. d4 bxc3 13. bxc3 cxd4 14. cxd4 e5 15. fxe5 dxe5 16. d5 Ng4 17. Bc5 Nd4 18. Nxd4 Ne3 19. Qc1 exd4 20. Bxf8 Qxf8 21. Rg1 d3 22. Bxd3 Ng4 23. Rf1 Qd6 24. Nf3 Bxa1 25. Qxa1 Bd7 26. h3 Ne3 27. Re1 Nxg2 28. Kxg2 Rb3 29. Qd4 Qxa3 30. Be2 Re3 31. Kf2 Rc3 32. e5 Qb2 33. Qd2 Rxf3+ 34. Bxf3 Qxd2+ 35. Re2 Qd4+ 36. Kg2 Bb5 37. Ra2 Qxe5 38. Rxa5 Bd7 39. Ra2 Kg7 40. Re2 Qg5+ 41. Kf2 Qh4+ 42. Ke3 Bxh3 43. Rd2 Qg5+ 44. Ke2 Bf1+ 45. Kd1 Bb5 46. d6 Bd7 47. Be2 h5 48. Ke1 h4 49. Rd3 Qg1+ 50. Kd2 Bf5 51. d7 Qg5+ 52. Kd1 Bxd3 53. Bxd3 Qd8 54. Bxg6 Qxd7+ 0-1


[Site "https://www.chess.com"]

[Event "Titled Tuesday Blitz January 18 2022"]
[White "Reprintsev, Alexander"]
[Black "Harshavardhan G B"]
[WhiteFideId "14100541"]
[BlackFideId "25059009"]
[WhiteElo "2126"]
[BlackElo "1831"]
[Result "0-1"]
[Round "08"]
[TimeControl "180+1"]
[Date "2022.01.18"]
[WhiteClock "0:00:10"]
[BlackClock "0:01:15"]

1. e4 c5 2. b3 d6 3. Bb2 a6 4. d4 cxd4 5. Qxd4 Nc6 6. Qd2 Nf6 7. Nc3 g6 8. Nd5 e5 9. Nxf6+ Qxf6 10. O-O-O h5 11. Kb1 Be6 12. g3 Rd8 13. Bh3 Bh6 14. Qe2 O-O 15. Bxe6 fxe6 16. f3 d5 17. exd5 exd5 18. f4 d4 19. fxe5 Qf5 20. e6 Rde8 21. Re1 Rf6 22. Qc4 Rexe6 23. Rxe6 Rxe6 24. Ne2 b5 25. Nxd4 bxc4 26. Nxf5 gxf5 27. Rf1 Re2 28. a3 cxb3 29. cxb3 Rxh2 30. Rxf5 Ne7 31. Ra5 Rh3 32. Rxa6 Bg7 33. Bxg7 Kxg7 34. Re6 Nf5 35. a4 Rxg3 36. Kb2 h4 37. a5 h3 38. Re1 h2 39. Rh1 Rg2+ 40. Ka3 Ng3 41. Rxh2 Rxh2 42. a6 Ne4 43. b4 Nd6 44. Ka4 Ra2+ 0-1


[Site "https://www.chess.com"]

[Event "Titled Tuesday Blitz January 18 2022"]
[White "Romanchuk, Viktor"]
[Black "Panesar Vedant"]
[WhiteFideId "14109271"]
[BlackFideId "35033018"]
[WhiteElo "2242"]
[BlackElo "1971"]
[Result "1/2-1/2"]
[Round "08"]
[TimeControl "180+1"]
[Date "2022.01.18"]
[WhiteClock "0:00:18"]
[BlackClock "0:00:04"]

1. d4 Nf6 2. c4 g6 3. Nc3 d5 4. Nf3 Bg7 5. Bf4 O-O 6. Rc1 dxc4 7. e4 c5 8. d5 b5 9. e5 Nh5 10. Be3 Bg4 11. Nxb5 Qa5+ 12. Nc3 Nd7 13. Bxc4 Nxe5 14. Be2 Bxf3 15. Bxf3 Nxf3+ 16. Qxf3 Rab8 17. Qe2 Rb7 18. O-O Rfb8 19. Nd1 Qxa2 20. Bxc5 Qxd5 21. Ne3 Qe4 22. b4 Nf4 23. Qc4 Qxc4 24. Rxc4 Nd3 25. g3 Bf6 26. Nd5 Kg7 27. Be3 a6 28. Nxf6 exf6 29. Ra1 Nxb4 30. Bd2 h5 31. Bxb4 Rxb4 32. Rxb4 Rxb4 33. Rxa6 Rb2 34. Ra4 Rc2 35. Kg2 Rb2 36. Rc4 Ra2 37. Rb4 Kh7 38. Rf4 Kg7 39. Rb4 f5 40. Rc4 Kf6 41. Rb4 Kg5 42. h4+ Kf6 43. Rb6+ Kg7 44. Rb4 Ra6 45. Rc4 Ra3 46. Rb4 Rd3 47. Rc4 Kf6 48. Rc6+ Ke5 49. Rc5+ Ke6 50. Rc4 Ke5 51. Rc5+ Rd5 52. Rc7 Ke6 53. Rc4 Re5 54. Kf3 Ra5 55. Rb4 Ke5 56. Rc4 Ra3+ 57. Kg2 Rb3 58. Ra4 Kf6 59. Ra6+ Kg7 60. Ra4 Rc3 61. Rb4 Rc2 62. Ra4 Rb2 63. Rc4 Rb7 64. Ra4 Re7 65. Kf3 Re6 66. Rb4 Ra6 67. Rc4 Kf6 68. Rb4 Ke5 69. Rb5+ Ke6 70. Rb4 Ra7 71. Rb6+ Ke5 72. Rb5+ Kd4 73. Rb4+ Kd3 74. Rb3+ Kd2 75. Re3 Rd7 76. Kg2 Kc2 77. Kf1 Rc7 78. Kg2 Rd7 79. Re8 Kd3 80. Re3+ Kd4 81. Re1 Ra7 82. Rd1+ Ke4 83. Re1+ Kd4 84. Rd1+ Ke5 85. Re1+ Kf6 86. f4 Ra3 87. Re2 Ra6 88. Kf3 Re6 89. Rb2 Kg7 90. Rb3 Ra6 91. Rd3 Kf6 92. Rc3 Ra7 93. Re3 Re7 94. Rb3 Ke6 95. Re3+ Kd6 96. Rd3+ Kc5 97. Rd1 Kc6 98. Rd3 Rb7 99. Rc3+ Kd5 100. Rd3+ Kc4 101. Rd1 Rb3+ 102. Kf2 Rd3 103. Ra1 Rd7 104. Ke3 Re7+ 105. Kf3 Kd4 106. Ra4+ Kd5 107. Ra5+ Kc4 108. Ra3 Rd7 109. Ke3 Re7+ 110. Kf3 Rb7 111. Ra4+ Kd3 112. Ra3+ Kc2 113. Ra2+ Kd1 114. Ra1+ Kd2 115. Ra2+ Kc3 116. Ke3 Re7+ 117. Kf3 Rd7 118. Ra3+ Kd2 119. Ra2+ Ke1 120. Ra1+ Kd2 121. Ra2+ Ke1 122. Ra1+ Kd2 123. Ra2+ 1/2-1/2


[Site "https://www.chess.com"]